 Dungeon Crawl Stone Soup version 0.25-b1-46-gb8a1ec05df (webtiles) character file.

Game seed: 18095615203259790502

11492 gruber the Fighter (level 11, 0/119 HPs)
             Began as a Troll Monk on June 10, 2020.
             Was a Priest of Ru.
             Slain by a troll (17 damage)
             ... on level 13 of the Dungeon.
             The game lasted 00:12:17 (8737 turns).

gruber the Fighter (Troll Monk)                     Turns: 8737, Time: 00:12:18

Health: 0/119      AC: 11    Str: 29    XL:     11   Next: 50%
Magic:  0/10       EV: 15    Int:  5    God:    Ru [***...]
Gold:   379        SH:  0    Dex: 13    Spells: 10/10 levels left

rFire    + . .     SeeInvis .     - Unarmed
rCold    + . .     Gourm    +   (shield unavailable)
rNeg     + . .     Faith    .   C - +2 robe {rC+ rF+}
rPois    +         Spirit   +   (helmet restricted)
rElec    .         Reflect  .   H - +2 ratskin cloak {+Rats rPois rN+ Str-1 Int-1 Dex+1}
rCorr    .         Harm     .   (gloves unavailable)
MR       .....                  (boots unavailable)
Stlth    ++........             k - amulet of guardian spirit
HPRegen  0.69/turn              (ring unavailable)
MPRegen  0.12/turn              g - +6 ring of strength

@: no status effects
A: large, unfitting armour, claws 3, fast metabolism 3, gourmand, regeneration
1, shaggy fur 1, tough skin 3, missing a hand
a: Draw Out Power, Renounce Religion, Evoke Ratskin


You were on level 13 of the Dungeon.
You worshipped Ru.
Ru was most pleased with you.
You were very full.

You visited 2 branches of the dungeon, and saw 12 of its levels.

You collected 586 gold pieces.
You spent 207 gold pieces at shops.

Inventory:

Hand Weapons
 t - the +10 flail of Xuido {antimagic, MP+9 Stlth+}
   (You found it on level 4 of the Dungeon)

   It reduces the magical energy of the wielder, and disrupts the spells and
   magical abilities of those hit.
   Natural abilities and divine invocations are not affected.
   It affects your magic capacity (+9).
   It makes you more stealthy.
 F - the +5 fustibalus of Jiowekhumm {vorpal, +Fly Int+3}
   (You found it on level 6 of the Dungeon)

   Any stone fired from it inflicts extra damage.
   It affects your intelligence (+3).
   It lets you fly.
Missiles
 l - 5 boomerangs of dispersal
 x - 5 large rocks
 y - 6 javelins (quivered)
 G - 47 sling bullets
 J - a throwing net
Armour
 C - a +2 robe of resistance (worn)
 H - the +2 ratskin cloak (worn) {+Rats rPois rN+ Str-1 Int-1 Dex+1}
   (You found it on level 7 of the Dungeon)

   It affects your strength (-1).
   It affects your intelligence (-1).
   It affects your dexterity (+1).
   It protects you from poison.
   It protects you from negative energy.
Jewellery
 g - a +6 ring of strength (right claw)
 k - an amulet of guardian spirit (around neck)
 r - an uncursed ring of protection from magic
 s - an uncursed ring of positive energy
Wands
 E - a wand of flame (13)
Scrolls
 a - 2 scrolls of blinking {unknown}
 c - 2 scrolls of magic mapping {unknown}
 d - 6 scrolls of remove curse
 e - 2 scrolls of immolation {unknown}
 f - 5 scrolls of teleportation
 h - 4 scrolls of identify
 i - 3 scrolls of fear
 j - a scroll of enchant weapon {unknown}
 A - a scroll of amnesia
 D - 2 scrolls of enchant armour
 I - 2 scrolls of fog {unknown}
 L - a scroll of brand weapon {unknown}
 N - a scroll of noise {unknown}
Potions
 m - 6 potions of stabbing {unknown}
 n - a potion of heal wounds
 o - a potion of haste
 p - 5 potions of might {unknown}
 q - a potion of degeneration {unknown}
 u - 4 potions of lignification {unknown}
 v - 5 potions of curing {unknown}
 w - a potion of cancellation {unknown}
 z - a potion of magic {unknown}
 B - a potion of resistance {unknown}
 M - a potion of invisibility {unknown}
Comestibles
 b - 16 rations
 K - 5 chunks of flesh


   Skills:
 * Level 10.3 Fighting
 - Level 5.1 Armour
 - Level 9.0 Dodging
 - Level 1.0 Stealth
 - Level 8.1 Unarmed Combat


You had 10 spell levels left.
You didn't know any spells.
Your spell library contained the following spells:

 Spells                   Type           Power        Failure   Level  Hunger
 Shock                    Conj/Air       #...         47%         1    ##.....
 Swiftness                Chrm/Air       #.......     63%         2    ###....
 Static Discharge         Conj/Air       #.......     85%         3    ####...
 Airstrike                Air            #.........   99%         4    #####..
 Lightning Bolt           Conj/Air       #.........   100%        5    ######.


Dungeon Overview and Level Annotations

Branches:
Dungeon (10/15)            Temple (1/1) D:5            Lair (0/6) D:8
    Orc: D:9-12

Altars:
Ashenzari
Cheibriados
Dithmenos
Elyvilon
Fedhas
Gozag
Hepliaklqana
Kikubaaqudgha
Makhleb
Nemelex Xobeh
Okawaru
Qazlal
Ru
Sif Muna
Trog
Uskayaw
Vehumet
Wu Jian
Xom
Yredelemnul
Zin
The Shining One

Shops:
D:8 :[%   D:9 *=:(   D:10 *


Innate Abilities, Weirdness & Mutations

You are too large for most types of armour.
You have claws for hands.
Your metabolism is lightning-fast.
You like to eat raw meat.
Your natural rate of healing is unusually fast.
You are covered in fur. (AC +1)
You have extremely tough skin. (AC +3)
You are missing a hand.


Message History

The killer bee stings you but does no damage. x2
Your river rat barely misses the killer bee.
The killer bee completely misses you. The troll misses you.
The troll closely misses you. The troll claws you.
* * * LOW HITPOINT WARNING * * *
The killer bee is stunned by your will and fails to attack.
Unknown command.
The killer bee closely misses your river rat.
The killer bee stings your river rat.
A centaur warrior zombie comes into view.
Your river rat bites the killer bee.
The killer bee stings your river rat.
The killer bee barely misses your river rat.
Unknown command.
Unknown command.
You barely miss the troll.
The killer bee closely misses your river rat.
The killer bee misses your river rat.
Your river rat bites the killer bee but does no damage.
The killer bee stings your river rat. The troll bites you!
You die...

#..# #[.# #..# .
#..# ...
#..####....
#Z..)...... #
#yy†....... #
#..#####rT####(...
# #......(@.# . .
## #.....)...# ..
#.........# .
#.........#
#.........#
#.........#
#.........#
..........#


You could see a troll, 2 killer bees, a centaur warrior skeleton and a friendly
river rat.

Vanquished Creatures
  Harold (D:7)
  A two-headed ogre (D:8)
  Pikel (D:7)
  An unseen horror (D:9)
  A wolf spider zombie (D:8)
  4 centaur zombies (D:8)
  Joseph (D:7)
  A gargoyle (D:13)
  2 centaur skeletons (D:8)
  2 hellwings (D:8)
  Grinder (D:5)
  A hornet (D:9)
  A hippogriff (D:13)
  Sigmund (D:5)
  5 yaks (D:7)
  A wyvern (D:10)
  Grum (D:10)
  Edmund (D:6)
  A water moccasin (D:9)
  3 orc warriors
  A slave (D:7)
  A necrophage (D:6)
  3 ice beasts
  3 ogres
  A phantom (D:8)
  5 centaurs
  2 wolves (D:10)
  3 crocodiles
  2 big kobolds
  3 bullfrogs
  A wyvern zombie (D:8)
  4 scorpions
  12 wights
  4 killer bees (D:13)
  6 howler monkeys
  4 crimson imps
  A bullfrog skeleton (D:9)
  2 jellies (D:8)
  4 orc priests
  4 hounds
  8 orc wizards
  3 iguanas
  7 worker ants
  A killer bee zombie (D:7)
  A hound zombie (D:8)
  A howler monkey skeleton (D:6)
  18 adders
  8 shadow imps
  An adder zombie (D:6)
  An ooze (D:1)
  2 worms (D:4)
  4 dart slugs
  5 leopard geckos
  28 orcs
  4 bats
  4 giant cockroaches
  7 goblins
  9 hobgoblins
  11 jackals
  18 kobolds
  5 quokkas
  2 ball pythons
  A frilled lizard (D:1)
  A leopard gecko skeleton (D:6)
  A quokka skeleton (D:4)
  7 rats
255 creatures vanquished.

Vanquished Creatures (others)
  A slave (D:7)
  2 worker ants
  A quokka zombie (D:7)
4 creatures vanquished.

Grand Total: 259 creatures vanquished

Notes
Turn   | Place    | Note
-------+----------+-------------------------------------------
     0 | D:1      | gruber the Troll Monk began the quest for the Orb.
     0 | D:1      | Reached XP level 1. HP: 22/22 MP: 0/0
    62 | D:1      | Reached XP level 2. HP: 23/29 MP: 1/1
   354 | D:1      | Reached XP level 3. HP: 34/36 MP: 2/2
  1328 | D:2      | Found an opulent altar of Gozag.
  1345 | D:2      | Reached XP level 4. HP: 44/44 MP: 3/3
  1394 | D:2      | Reached skill level 5 in Unarmed Combat
  2163 | D:3      | You fall into a shaft and drop 1 floor!
  2196 | D:4      | Reached XP level 5. HP: 36/50 MP: 2/4
  2371 | D:4      | Got a crystal flail
  2372 | D:4      | Identified the +10 flail of Xuido {antimagic, MP+9 Stlth+}
                  | (You found it on level 4 of the Dungeon)
  2396 | D:4      | Reached XP level 6. HP: 55/59 MP: 4/5
  2710 | D:4      | Reached XP level 7. HP: 59/66 MP: 4/6
  2935 | D:5      | Entered Level 5 of the Dungeon
  3149 | D:3      | Found a shimmering blue altar of Sif Muna.
  3170 | D:3      | Reached skill level 3 in Fighting
  3543 | D:5      | Found a staircase to the Ecumenical Temple.
  3652 | Temple   | Entered the Ecumenical Temple
  3760 | Temple   | Became a worshipper of Ru the Awakened
  3774 | Temple   | Gained mutation: You are missing a hand. [Ru sacrifice]
  3774 | Temple   | Reached * piety under Ru
  3774 | Temple   | Reached ** piety under Ru
  3774 | Temple   | Reached *** piety under Ru
  3842 | D:5      | Noticed Sigmund
  3852 | D:5      | Killed Sigmund
  3852 | D:5      | Reached skill level 4 in Fighting
  3953 | D:5      | Noticed Grinder
  3962 | D:5      | Paralysed by Grinder for 3 turns
  3970 | D:5      | Killed Grinder
  3970 | D:5      | Reached skill level 5 in Fighting
  3970 | D:5      | Reached XP level 8. HP: 29/80 MP: 2/7
  4302 | D:5      | Reached skill level 6 in Fighting
  4753 | D:6      | Noticed Edmund
  4786 | D:6      | Killed Edmund
  4869 | D:6      | Reached skill level 7 in Fighting
  5100 | D:6      | Found a hide-covered altar of Uskayaw.
  5230 | D:6      | Got a shimmering fustibalus
  5371 | D:6      | Reached skill level 8 in Fighting
  5371 | D:6      | Reached XP level 9. HP: 96/96 MP: 6/8
  5737 | D:7      | Noticed Joseph
  5785 | D:7      | Reached skill level 9 in Fighting
  5804 | D:7      | Killed Joseph
  5808 | D:7      | Reached skill level 10 in Fighting
  5982 | D:7      | Noticed Pikel
  6006 | D:7      | Killed Pikel
  6070 | D:7      | Found the +2 ratskin cloak {+Rats rPois rN+ Str-1 Int-1
                  | Dex+1}
  6094 | D:7      | Reached XP level 10. HP: 101/110 MP: 6/9
  6249 | D:7      | Noticed Harold
  6263 | D:7      | Killed Harold
  6263 | D:7      | Reached skill level 5 in Dodging
  6713 | D:8      | Noticed a two-headed ogre
  6722 | D:8      | Killed a two-headed ogre
  6811 | D:8      | Reached XP level 11. HP: 92/117 MP: 8/10
  6872 | D:8      | Found a staircase to the Lair.
  6979 | D:8      | Found Worch's Book Boutique.
  7092 | D:8      | Reached skill level 1 in Armour
  7154 | D:8      | Found Ryas's Antique Armour Emporium.
  7635 | D:8      | Found Yraafev's Food Emporium.
  7702 | D:9      | Found Afeerog's Antique Weapon Emporium.
  7714 | D:9      | Bought a crystal morningstar for 207 gold pieces
  7714 | D:9      | Identified the +8 morningstar of Peace {antimagic, +Rage
                  | +Inv rPois Dex-5} (You bought it in a shop on level 9 of
                  | the Dungeon)
  7716 | D:9      | Identified the +5 fustibalus of Jiowekhumm {vorpal, +Fly
                  | Int+3} (You found it on level 6 of the Dungeon)
  7782 | D:9      | Found Etaoshre's Jewellery Boutique.
  7969 | D:9      | Found Ryaklaix's Book Shoppe.
  8063 | D:9      | Killed an unseen horror
  8253 | D:9      | Found Ippumob's General Store.
  8315 | D:9      | Found a blossoming altar of Fedhas.
  8464 | D:10     | Entered Level 10 of the Dungeon
  8464 | D:10     | Noticed Grum
  8472 | D:10     | Killed Grum
  8478 | D:10     | Found Bebrops's Assorted Antiques.
  8514 | D:10     | You fall into a shaft and drop 3 floors!
  8532 | D:13     | Reached skill level 5 in Armour
  8737 | D:13     | Slain by a troll

Illustrated notes

Levels and vault maps discovered:
D:1:      mrwooster_arrival_statue, layout_basic
D:2:      layout_basic, old_standard_altar, first_ration, amethyst_killhole,
          corexii_corridor_pit
D:3:      layout_basic, led_sif_book
D:4:      layout_loops_ring
D:5:      layout_loops_corners, minmay_temple_entry_ruins, uniq_sigmund,
          uniq_grinder
D:6:      layout_basic, basic_altar, minmay_increasing_density, uniq_edmund
D:7:      layout_basic, uniq_harold, uniq_joseph, uniq_pikel
D:8:      cheibrodos_grave_circle, layout_loops_ring, lair_entry_dummy,
          serial_shops, shop, shop, kennysheep_little_box, grunt_pizzeria
D:9:      layout_roguey, serial_shops, kennysheep_mini_moat, shop,
          nicolae_shop_behind_doors, shop, fedhas_altar_2
D:10:     layout_loops_ring, serial_shops, nicolae_shop_waterfront, uniq_grum,
          uniq_maurice
D:13:     layout_long_grid, grunt_vaults_entry_fortified,
          gauntlet_entry_generic, serial_shops,
          nicolae_shop_competitors_out_of_business
Temple:   kilobyte_greek_temple

Skill      XL: |  1  2  3  4  5  6  7  8  9 10 11 |
---------------+----------------------------------+-----
Unarmed Combat | 4 5 6 8 |  8.1
Fighting       | 5 8 10 | 10.3
Dodging        | 4 9 |  9.0
Armour         | 5 |  5.1
Stealth        | |  1.0

Action                   |  1- 3 |  4- 6 |  7- 9 | 10-12 || total
-------------------------+-------+-------+-------+-------++-------
Melee: Unarmed           |    90 |   100 |   292 |   349 ||   831
       Flail             |       |     4 |       |       ||     4
       Punch             |       |     1 |     2 |       ||     3
Invok: Sacrifice a Hand  |       |       |     1 |       ||     1
       Draw Out Power    |       |       |     1 |       ||     1
       Reject Sacrifices |       |       |     1 |       ||     1
 Abil: Evoke Ratskin     |       |       |       |     1 ||     1
  Use: Scroll            |       |       |     7 |     2 ||     9
       Potion            |       |       |     1 |       ||     1
 Stab: Sleeping          |       |     2 |     5 |     3 ||    10
       Invisible         |       |       |       |     3 ||     3
  Eat: Chunk             |    18 |    12 |    31 |    24 ||    85
Armor: Robe              |    37 |    32 |    69 |   100 ||   238
Dodge: Dodged            |    49 |    43 |   108 |   234 ||   434
